AoeStats
← TheQuietRiot

Hideout

508069204Analyzed
1v1 RM · 11d ago on Sep 20, 2026· 18m 54s· 2 players
Game mode
Random Map
Map size
Tiny (2 player)
Population
200
Speed
Normal
Resources
Standard
Victory
Conquest
Starting age
Dark Age
Ending age
Imperial Age
RankedLock teamsTeams togetherTeam positionsShared explorationLock speedFull tech treeHidden civsTurbo modeCheats
Victory
Defeat
🇫🇷 Persians · France
994
+16
🇬🇧 Portuguese · United Kingdom
986
-16
TheQuietRiot
12:03 Feudal Age
11:59 Loom
15:23 Double-Bit Axe
Mister XYZ
6:58 Loom
10:13 Feudal Age
10:43 Double-Bit Axe
10:41 Horse Collar
18:43 Castle Age
17:44 Man-at-Arms
Connection lost

Rejoining the realm…

Still unreachable

The connection could not be restored.

Session expired

The server has moved on; the page needs a fresh start.